 Dungeon Crawl Stone Soup version 0.23-a0-458-g93a6ea9 (webtiles) character file.

35 theanonym the Magician (level 3, -2/28 HPs)
             Began as a Mummy Warper on Nov 26, 2018.
             Slain by an adder (5 damage)
             ... on level 2 of the Dungeon.
             The game lasted 00:01:20 (1757 turns).

theanonym the Magician (Mummy Warper)               Turns: 1757, Time: 00:01:20

Health: -2/28      AC:  3    Str: 15    XL:     3   Next: 16%
Magic:  7/7        EV: 11    Int: 12    God:
Gold:   88         SH:  0    Dex: 11    Spells: 7/7 levels left

rFire    x . .     SeeInvis .   a - +0 mace
rCold    + . .     Gourm    .   (no shield)
rNeg     + + +     Faith    .   b - +0 leather armour
rPois    ∞         Spirit   .   (no helmet)
rElec    .         Reflect  .   (no cloak)
rCorr    .         Harm     .   (no gloves)
MR       .....                  (no boots)
Stlth    +.........             (no amulet)
HPRegen  0.09/turn              (no ring)
MPRegen  0.10/turn              (no ring)

@: no status effects
A: no food or potions, fire vulnerability, cold resistance 1, negative energy
resistance 3, torment resistance, unbreathing
a: no special abilities


Innate Abilities, Weirdness & Mutations

You do not eat or drink.
Your flesh is vulnerable to fire.
You are immune to poison.
Your flesh is cold resistant. (rC+)
You are immune to negative energy. (rN+++)
You are immune to unholy pain and torment.
You can survive without breathing.


   Skills:
 + Level 2.6 Fighting
 * Level 2.6 Maces & Flails
 - Level 0.7 Throwing
 - Level 0.7 Armour
 - Level 1.5 Dodging
 - Level 2.6 Spellcasting
   Level 2.4 Translocations


You had 7 spell levels left.
You didn't know any spells.
Your spell library contained the following spells:

 Spells                   Type           Power        Failure   Level  Hunger
 Blink                    Tloc           N/A          17%         2    N/A
 Shroud of Golubria       Chrm/Tloc      #.........   28%         2    N/A
 Gell's Gravitas          Tloc           #.........   34%         3    N/A
 Lesser Beckoning         Tloc           #.........   34%         3    N/A
 Teleport Other           Tloc           #.......     34%         3    N/A
 Passage of Golubria      Tloc           N/A          75%         4    N/A

Skill      XL: |  1 |
---------------+----+-----
Maces & Flails | 2 |  2.6
Fighting       | |  2.6
Throwing       | |  0.7
Armour         | |  0.7
Dodging        | |  1.5
Spellcasting   | |  2.6
Translocations | |  2.4

Action                   || total
-------------------------++-------
Melee: Mace              ||   106
  Use: Scroll            ||     3
 Stab: Sleeping          ||     1
Armor: Leather armour    ||    40
Dodge: Dodged            ||    85

Inventory:

Hand Weapons
 a - a +0 mace (weapon)
Missiles
 e - 5 tomahawks of dispersal (quivered)
Armour
 b - a +0 leather armour (worn)
Scrolls
 n - 3 scrolls of remove curse
 y - a scroll of magic mapping


You were on level 2 of the Dungeon.
You were not hungry.

You visited 1 branch of the dungeon, and saw 2 of its levels.

You collected 88 gold pieces.

Dungeon Overview and Level Annotations

Branches:
Dungeon (2/15)

Altars:

Annotations:
D:2 Robin

*,,,*****,**,**,**########.#
*,,,,,,..S#..[...##........#
******,,,####.............g.....#
,,,,,,,,,......#.#....##..÷.g.ggg
,,,,,,,,,$....,............g...##
,,,,,,,,,,.....#....#.##.......##
******,,,####..#.#.............##
****,,,.......S..##)##.......##
**,*≈,*,,,****#@.....##########
*,,*≈≈,,,,≈* ###.####
**,≈*,,*,≈≈≈*** #.#
,,≈,,≈*,,,≈,,,* #.#######
,,≈,,,*≈,,≈≈,,* #.<.....########
*,,,*≈≈≈,≈,≈,,* #######........<
*,,,,≈,≈≈,,≈*,*** ##########
,,≈,≈,≈≈≈≈,≈,,,,*
,,≈,≈≈*≈,,,≈*,*,*


You could see an adder.

Notes
Turn   | Place    | Note
-------+----------+-------------------------------------------
     0 | D:1      | theanonym the Mummy Warper began the quest for the Orb.
     0 | D:1      | Reached XP level 1. HP: 16/16 MP: 4/4
   118 | D:1      | HP: 8/16 [leopard gecko (2)]
   123 | D:1      | HP: 3/16 [frilled lizard (3)]
   400 | D:1      | Reached skill level 2 in Maces & Flails
   514 | D:1      | Reached XP level 2. HP: 16/22 MP: 5/5
  1400 | D:2      | Noticed Robin
  1405 | D:2      | HP: 11/23 [goblin[Robin] (3)]
  1407 | D:2      | HP: 3/23 [goblin[Robin] (6)]
  1695 | D:2      | Reached XP level 3. HP: 26/28 MP: 7/7
  1746 | D:2      | HP: 12/28 [adder (4)]
  1751 | D:2      | HP: 8/28 [adder (1)]
  1756 | D:2      | HP: 3/28 [adder (2)]
  1757 | D:2      | Slain by an adder

Vanquished Creatures
  A worm (D:2)
  2 leopard geckos (D:1)
  2 ball pythons (D:1)
  6 goblins
  3 hobgoblins
  4 jackals (D:1)
  5 kobolds
  3 bats
  2 frilled lizards (D:1)
  A rat (D:1)
29 creatures vanquished.

Table legend:
 A = Turns spent in this place as a percentage of turns spent in the entire game.
 B = Non-inter-level travel turns spent in this place as a percentage of non-inter-level travel turns spent in the entire game.
 C = Inter-level travel turns spent in this place as a percentage of turns spent in this place.
 D = Turns resting spent in this place as a percentage of non-inter-level travel turns spent in this place.
 E = Turns spent auto-exploring this place as a percentage of non-inter-level travel turns spent in this place.
 F = Non-inter-level travel turns spent in this place divided by the number of levels of this place that you've seen.
                   A       B       C       D       E      F
               +-------+-------+-------+-------+-------+----------------------
         Total | 100.0 | 100.0 |   1.9 |  41.5 |  46.9 | 862.0
       Dungeon | 100.0 | 100.0 |   1.9 |  41.5 |  46.9 | 862.0
               +-------+-------+-------+-------+-------+----------------------
